 Dungeon Crawl Stone Soup version 0.15.0-8-gb109cf8 (webtiles) character file.

84 Crauler the Insei (level 4, 0/35 HPs)
             Began as a Draconian Transmuter on Aug 30, 2014.
             Succumbed to a kobold's poison
             ... in a sewer.
             The game lasted 00:08:01 (1902 turns).

Crauler the Insei (Draconian Transmuter)            Turns: 1902, Time: 00:08:01

HP   0/35        AC  6     Str 14      XL: 4   Next: 23%
MP   7/8         EV 12     Int 14      God:
Gold 126         SH  0     Dex 12      Spells:  2 memorised,  3 levels left

rFire  . . .     SeeInvis .     h - +0 short sword
rCold  . . .     Clarity  .     (armour unavailable)
rNeg   . . .     rCorr    .     (no shield)
rPois  +         rRot     .     (helmet restricted)
rElec  .         Spirit   .     (no cloak)
SustAb .         Warding  .     (no gloves)
rMut   .         Stasis   .     p - +0 pair of boots
Gourm  .                        (no amulet)
MR     .....                    (no ring)
                                (no ring)

@: lethally poisoned, not resistant to hostile enchantments, very unstealthy
A: unfitting armour, poison resistance, strong 1, cold-blooded, AC +5
a: no special abilities


You were in a sewer.
You were not hungry.

You visited 1 branch of the dungeon, and saw 3 of its levels.
You also visited: Sewer.

You collected 126 gold pieces.

Inventory:

Hand weapons
 c - a +0 blowgun
 h - a +0 short sword (weapon)
Missiles
 b - 12 arrows
 k - 17 poisoned needles
Armour
 p - a +0 pair of boots (worn)
Comestibles
 a - 2 bread rations
 f - a chunk of worm flesh
 m - a meat ration
Scrolls
 e - a scroll of recharging {unknown}
 g - 2 scrolls of identify {unknown}
 i - 2 scrolls of fear {unknown}
 j - a scroll of noise {unknown}
 o - a scroll of teleportation {unknown}
 q - a scroll of remove curse {unknown}
Books
 d - a book of Changes

   Spells                             Type                      Level
   *Beastly Appendage                 Transmutation                1
   Sticks to Snakes                   Transmutation                2
   *Spider Form                       Transmutation/Poison         3
   Ice Form                           Ice/Transmutation            4
   Blade Hands                        Transmutation                5


   Skills:
 + Level 1.5 Fighting
 + Level 2.2 Dodging
 * Level 3.6 Unarmed Combat
 + Level 2.3 Spellcasting
 * Level 3.1 Transmutations


You had 3 spell levels left.
You knew the following spells:

 Your Spells              Type           Power        Failure   Level  Hunger
a - Beastly Appendage     Trmt           ##....       10%         1    #......
b - Spider Form           Trmt/Pois      #.........   38%         3    ####...


Dungeon Overview and Level Annotations

Branches:
Dungeon (3/15)

Altars:
Xom


Innate Abilities, Weirdness & Mutations

Your plain brown scales are hard (AC +5).
Your body does not fit into most forms of armour.
Your cold-blooded metabolism reacts poorly to cold.
Your system is resistant to poisons.
Your muscles are strong. (Str +2)


Message History

You feel sick.
* * * LOW HITPOINT WARNING * * *
You feel sick.
You see here a poisoned needle.
* * * LOW HITPOINT WARNING * * *
You feel sick.
* * * LOW HITPOINT WARNING * * *
You feel sick.
* * * LOW HITPOINT WARNING * * *
You feel sick.
There is an empty arch of ancient stone here.
* * * LOW HITPOINT WARNING * * *
You feel sick.
* * * LOW HITPOINT WARNING * * *
You feel sick.
* * * LOW HITPOINT WARNING * * *
You feel sick.
* * * LOW HITPOINT WARNING * * *
You feel sick.
You die...

#≈ ?# #≈ #.##
##≈##...#
#.≈.#...#
#.≈.....#
...###≈())...#
≈....≈.≈(#####
...###≈≈.....#
#.≈...@.#
#(≈.#.∩.#
##≈##...# #≈
##### #≈ ##


There were no monsters in sight!

Vanquished Creatures
  A green rat (D:3)
  An adder (D:2)
  2 giant mites (D:3)
  A worm (D:3)
  2 giant geckos (D:1)
  An ooze (D:1)
  A giant cockroach (D:1)
  7 hobgoblins
  2 jackals (Sewer)
  6 kobolds
  6 bats (D:1)
  5 giant newts
  3 goblins (D:1)
  5 rats
43 creatures vanquished.

Notes
Turn   | Place    | Note
--------------------------------------------------------------
     0 | D:1      | Crauler, the Draconian Transmuter, began the quest for the Orb.
     0 | D:1      | Reached XP level 1. HP: 16/16 MP: 3/3
    67 | D:1      | Found a shimmering altar of Xom.
   134 | D:1      | Reached XP level 2. HP: 15/23 MP: 4/4
   760 | D:1      | Reached XP level 3. HP: 25/28 MP: 6/6
   765 | D:1      | Learned a level 3 spell: Spider Form
  1491 | D:2      | Gained mutation: Your system is resistant to poisons. [potion of mutation]
  1491 | D:2      | Gained mutation: Your muscles are strong. (Str +2) [potion of mutation]
  1778 | D:3      | Reached XP level 4. HP: 27/35 MP: 4/8
  1826 | D:3      | Found a glowing drain.
  1835 | Sewer    | Entered a sewer
  1900 | Sewer    | HP: 1/35 [poisoned by a kobold]
  1902 | Sewer    | Succumbed to a kobold's poison

Action                   |  1- 3 |  4- 6 || total
-------------------------+-------+-------++-------
Melee: Unarmed           |    59 |     8 ||    67
       Short sword       |   125 |     9 ||   134
 Cast: Beastly Appendage |     3 |       ||     3
       Spider Form       |     1 |     1 ||     2
 Abil: End Transformatio |       |     1 ||     1
  Use: Potion            |     4 |       ||     4
  Eat: Chunk             |     3 |     1 ||     4
